 Dungeon Sprint DCSS version 0.23-a0-404-g0063841 (webtiles) character file.

7 rednecknazgul the Insei (level 2, -8/21 HPs)
             Began as a Vine Stalker Transmuter on Nov 5, 2018.
             Mangled by an ice beast (11 damage)
             ... in the Dungeon (Sprint IX: "|||||||||||||||||||||||||||||").
             The game lasted 00:00:16 (75 turns).

rednecknazgul the Insei (Vine Stalker Transmuter)     Turns: 75, Time: 00:00:16

Health: -8/21      AC:  2    Str: 17    XL:     2   Next: 4%
Magic:  0/6        EV: 12    Int: 13    God:
Gold:   0          SH:  0    Dex: 14    Spells: 4/5 levels left

rFire    . . .     SeeInvis .     - Unarmed
rCold    . . .     Gourm    .   (no shield)
rNeg     . . .     Faith    .   b - +0 robe
rPois    .         Spirit   +   (no helmet)
rElec    .         Reflect  .   (no cloak)
rCorr    .         Harm     .   (no gloves)
MR       .....     NoTele   +   (no boots)
Stlth    ..........             (no amulet)
HPRegen  0.07/turn              (no ring)
MPRegen  0.10/turn              (no ring)

@: berserking, appendage, very quick
A: fangs 2, horns 2, magic shield, antimagic bite, no potion heal 3, rot
immunity
a: End Transformation


You were in the Dungeon.
You were not hungry.
You had grown temporary horns.
You visited 1 branch

Inventory:

Missiles
 a - 12 arrows
Armour
 b - a +0 robe (worn)
Scrolls
 j - a scroll of blinking
Potions
 e - a potion of curing
 f - a potion of heal wounds
 g - a potion of haste
 h - 2 potions of magic
Comestibles
 d - a ration


   Skills:
 + Level 1.3 Fighting
 + Level 0.7 Armour
 * Level 2.1 Dodging
 * Level 3.5 Unarmed Combat
 + Level 2.4 Spellcasting
 * Level 2.6 Transmutations


You had 4 spell levels left.
You knew the following spells:

 Your Spells              Type           Power        Failure   Level  Hunger
a - Beastly Appendage     Tmut           #.....       9%          1    #......

Your spell library contained the following spells:

 Spells                   Type           Power        Failure   Level  Hunger
 Sticks to Snakes         Tmut           #.......     12%         2    ###....
 Spider Form              Tmut/Pois      #.........   38%         3    ###....
 Ice Form                 Ice/Tmut       #.......     80%         4    #####..
 Blade Hands              Tmut           #.........   92%         5    ######.


Dungeon Overview and Level Annotations

Branches:
Dungeon (1/1)

Altars:


Innate Abilities, Weirdness & Mutations

You have extremely sharp teeth.
When hurt, damage is shared between your health and your magic reserves.
Your bite disrupts and absorbs the magic of your enemies.
Potions cannot restore your health.
You are immune to rotting.
You have a pair of horns on your head.


Message History

You kill the quokka!
You have reached level 2!
A red film seems to cover your vision as you go berserk!
You feel yourself moving faster!
You feel mighty!
The crimson imp shouts, "Get thee gone, thou ducking fob-snatching barnacle!"
The crimson imp barely misses you.
You miss the crimson imp.
The crimson imp blinks!
You hit the ice beast. Your headbutt misses the ice beast.
Your bite misses the ice beast.
The ice beast is lightly wounded.
You closely miss the ice beast. Your headbutt misses the ice beast.
The ice beast is lightly wounded.
The crimson imp blinks!
The ice beast hits you. The ice beast freezes you!
Ouch! That really hurt!
* * * LOW HITPOINT WARNING * * *
You punch the ice beast!
The ice beast is heavily wounded.
The ice beast hits you. The ice beast freezes you!
Ouch! That really hurt!
You die...

▓+▓
▓.▓
▓.▓
▓.▓
▓Z▓
▓l▓
▓Y▓
▓@▓
▓.▓
▓.▓
▓.▓
▓5▓
▓)▓
▓.▓
▓.▓
▓.▓


You could see an ice beast, a crimson imp, a giant cockroach zombie and a
leopard gecko.

Vanquished Creatures
  A leopard gecko (D)
  2 goblins (D)
  A quokka (D)
  A bat (D)
  A frilled lizard (D)
6 creatures vanquished.

Notes
Turn   | Place    | Note
-------+----------+-------------------------------------------
     0 | D        | rednecknazgul the Vine Stalker Transmuter began the quest
                  | for the Orb.
     0 | D        | Reached XP level 1. HP: 9/9 MP: 4/4
     5 | D        | Reached skill level 1 in Fighting
    68 | D        | Noticed an ice beast
    68 | D        | Noticed a crimson imp
    70 | D        | Reached XP level 2. HP: 9/14 MP: 3/6
    75 | D        | Mangled by an ice beast

Vault maps used:
D:        linesprint

Skill      XL: |  1 |
---------------+----+-----
Fighting       | 1 |  1.3
Dodging        | 2 |  2.1
Armour         | |  0.7
Unarmed Combat | |  3.5
Spellcasting   | |  2.4
Transmutations | |  2.6

Action                   || total
-------------------------++-------
Melee: Unarmed           ||    16
       Bite              ||     3
 Cast: Beastly Appendage ||     1
  Use: Potion            ||     1
Armor: Robe              ||     2
Dodge: Dodged            ||     5

Table legend:
 A = Non-vault XP
 B = Vault XP
 C = Vault XP percentage of total XP
 D = Non-vault monster count
 E = Vault monster count
 F = Vault count percentage of total count
                 A         B        C        D         E       F
            +---------+---------+-------+---------+---------+-------
      Total |       0 |      11 | 100.0 |       0 |       6 | 100.0
            +---------+---------+-------+---------+---------+-------
          D |       0 |      11 | 100.0 |       0 |       6 | 100.0
            +---------+---------+-------+---------+---------+-------
